AoeStats
← Low Elo Nobody

Arabian Desert

510057839Analyzed
1v1 RM · 4d ago on Sep 29, 2026· 24m 47s· 2 players
Game mode
Random Map
Map size
Tiny (2 player)
Population
200
Speed
Normal
Resources
Standard
Victory
Conquest
Starting age
Dark Age
Ending age
Imperial Age
RankedLock teamsTeams togetherTeam positionsShared explorationLock speedFull tech treeHidden civsTurbo modeCheats
Victory
Defeat
🇮🇹 Romans · Italy
866
+16
🇲🇽 Tatars · Mexico
861
-16
axelivan2305
3:17 Loom
10:36 Feudal Age
11:02 Double-Bit Axe
10:57 Horse Collar
16:01 Town Watch
24:06 Castle Age
22:34 Padded Archer Armor
23:08 Fletching
23:33 Bloodlines
23:40 Stone Mining
23:45 Gold Mining
Low Elo Nobody
8:20 Loom
10:20 Feudal Age
11:19 Double-Bit Axe
11:19 Man-at-Arms
12:51 Scale Mail Armor
15:39 Forging
18:41 Fletching
20:20 Wheelbarrow
22:27 Castle Age
22:38 Gold Mining
23:26 Long Swordsman
24:35 Chain Mail Armor
24:56 Iron Casting
23:46 Elite Skirmisher
Connection lost

Rejoining the realm…

Still unreachable

The connection could not be restored.

Session expired

The server has moved on; the page needs a fresh start.